 Dungeon Sprint DCSS version 0.27-a0-1456-gf5a116941d (webtiles) character file.

Game seed: 4938703527148450167

1344 mhtbhm the Thaumaturge (level 8, -9/42 HPs)
             Began as a Deep Elf Earth Elementalist on July 6, 2021.
             Was a High Priest of Vehumet.
             Mangled by a boulder beetle (29 damage)
             ... in the Dungeon (Sprint VII: "The Pits").
             The game lasted 00:02:33 (1162 turns).

mhtbhm the Thaumaturge (DEEE)                       Turns: 1162, Time: 00:02:34

Health: -9/42      AC:  2    Str:  5    XL:     8   Next: 36%
Magic:  5/27       EV: 14    Int: 23    God:    Vehumet [*****.]
Gold:   0          SH:  0    Dex: 15    Spells: 24/34 levels left

rFire    . . .     SeeInvis .   l - +6 quarterstaff (speed)
rCold    . . .     Faith    .   (shield currently unavailable)
rNeg     . . .     Spirit   .   b - +0 robe
rPois    .         Reflect  .   (no helmet)
rElec    .         Harm     .   (no cloak)
rCorr    .         Rampage  .   (no gloves)
Will     .....     NoTele   +   (no boots)
Stlth    +++.......             (no amulet)
HPRegen  0.14/turn              (no ring)
MPRegen  0.20/turn              (no ring)

@: on berserk cooldown, slowed, very slow
A: no striking features
a: Renounce Religion


You were in the Dungeon.
You worshipped Vehumet.
Vehumet was extremely pleased with you.
You visited 1 branch

Inventory:

Hand Weapons
 l - a +6 quarterstaff of speed (weapon)
Missiles
 i - 21 stones
Armour
 b - a +0 robe (worn)
Scrolls
 h - a scroll of blinking
 j - 5 scrolls of amnesia
 k - a scroll of summoning
Potions
 a - 2 potions of invisibility
 c - 6 potions of curing
 d - 6 potions of heal wounds
 e - a potion of haste
 f - 4 potions of magic
 g - 2 potions of berserk rage


   Skills:
 + Level 0.3 Fighting
 + Level 5.6 Dodging
 + Level 5.5 Stealth
 + Level 13.8 Spellcasting
 + Level 6.2 Conjurations
 + Level 2.6 Transmutations
 + Level 13.5 Earth Magic


You had 24 spell levels left.
You knew the following spells:

 Your Spells              Type           Power      Damage    Failure   Level
a - Sandblast             Erth           100%       2d20      0%          1
b - Passwall              Tmut/Erth      43%        N/A       1%          2
c - Stone Arrow           Conj/Erth      100%       3d13      1%          3
d - Petrify               Tmut/Erth      52%        N/A       1%          4

Your spell library contained the following spells:

 Spells                   Type           Power      Damage    Failure   Level
 Iskenderun's Battlesphe  Conj           44%        2d10      2%          5


Dungeon Overview and Level Annotations

Branches:
Dungeon (1/1)

Altars:
Ashenzari
Cheibriados
Dithmenos
Elyvilon
Fedhas
Gozag
Hepliaklqana
Kikubaaqudgha
Makhleb
Nemelex Xobeh
Okawaru
Qazlal
Ru
Sif Muna
Trog
Uskayaw
Vehumet
Wu Jian
Xom
Yredelemnul
Zin
The Shining One
Beogh
Jiyva
Lugonu

Annotations:
D Urug


Message History

Aim: a boulder beetle (lightly wounded, petrified, 100% to hit)
The stone arrow hits the boulder beetle!!
The boulder beetle is moderately wounded.
Casting: Stone Arrow (safe; 1% risk of failure)
Confirm with . or Enter, or press ? or * to list all spells.
Aiming: Stone Arrow (safe; 1% risk of failure)
Press: ? - help, Shift-Dir - straight line, f/p - boulder beetle
Aim: a boulder beetle (moderately wounded, petrified, 100% to hit)
Okay, then.
A red film seems to cover your vision as you go berserk!
You feel yourself moving faster!
You feel mighty!
The helpless boulder beetle fails to defend itself.
You hit the boulder beetle.
The boulder beetle is moderately wounded.
The boulder beetle is no longer petrified.
The boulder beetle leaps!
You feel a strong urge to attack something.
The boulder beetle leaps!
There is an open door here.
You feel your anger nearly subside.
You are no longer berserk.
You are exhausted.
You feel yourself slow down.
Unknown command.
No target in view!
There is an open door, spattered with blood here.
You see here a hydra corpse.
The boulder beetle bites you. The boulder beetle bites you!!
The boulder beetle completely misses you.
There is an open door here.
Things that are here:
a +0 flail; a +0 plate armour; an orc skeleton You barely miss the boulder beetle.
The boulder beetle is moderately wounded.
The boulder beetle closely misses you.
The boulder beetle bites you but does no damage.
You hit the boulder beetle but do no damage.
The boulder beetle is moderately wounded.
The boulder beetle bites you!!
Ouch! That really hurt!
You die...

#.#........##.......##...#
#.#####'#####...<...###...
#.#...)))[.##.......# ##..
#.#...)))[.##.......# ..#
#'###########.......# .##
#.......#.. ######### l.
#.###...#.# #### o.
#.#.....#)#....# ##.
#.#...#.#@#....#
#.....#.#.B....+
#...###)#†#....#
#)......'.#....#
########### ####


You could see a boulder beetle.

Vanquished Creatures
  A hydra (D)
  A hornet (D)
  2 floating eyes (D)
  An orc warrior (D)
  A scorpion (D)
  A crimson imp (D)
  An orc wizard (D)
  A gnoll (D)
  An adder (D)
  A white imp (D)
  An adder zombie (D)
  A worm (D)
  A bat (D)
  An endoplasm (D)
  2 giant cockroaches (D)
  A goblin (D)
  4 jackals (D)
  2 quokkas (D)
  A ball python zombie (D)
  A giant cockroach zombie (D)
26 creatures vanquished.

Notes
Turn   | Place    | Note
-------+----------+-------------------------------------------
     0 | D        | mhtbhm the Deep Elf Earth Elementalist began the quest for
                  | the Orb.
     0 | D        | Reached XP level 1. HP: 10/10 MP: 6/6
    16 | D        | Noticed an iguana
    16 | D        | Noticed Urug
    65 | D        | Found a bloodstained altar of Trog.
    65 | D        | Found a shimmering blue altar of Sif Muna.
    65 | D        | Found a viscous altar of Jiyva.
    65 | D        | Found a hazy altar of Hepliaklqana.
    65 | D        | Found an opulent altar of Gozag.
    66 | D        | Found a glowing golden altar of the Shining One.
    66 | D        | Found a glowing silver altar of Zin.
    66 | D        | Found a basalt altar of Yredelemnul.
    66 | D        | Found a shimmering altar of Xom.
    66 | D        | Found an ornate altar of the Wu Jian Council.
    66 | D        | Found a sacrificial altar of Ru.
    66 | D        | Found a stormy altar of Qazlal.
    66 | D        | Found an iron altar of Okawaru.
    66 | D        | Found a sparkling altar of Nemelex Xobeh.
    66 | D        | Found a burning altar of Makhleb.
    66 | D        | Found a blossoming altar of Fedhas.
    66 | D        | Found a white marble altar of Elyvilon.
    66 | D        | Found a shadowy altar of Dithmenos.
    66 | D        | Found a snail-covered altar of Cheibriados.
    68 | D        | Found a radiant altar of Vehumet.
    68 | D        | Found a corrupted altar of Lugonu.
    69 | D        | Found a hide-covered altar of Uskayaw.
    69 | D        | Found an ancient bone altar of Kikubaaqudgha.
    69 | D        | Found a broken altar of Ashenzari.
    76 | D        | Became a worshipper of Vehumet
   100 | D        | Reached * piety under Vehumet
   100 | D        | Offered knowledge of Shock by Vehumet.
   102 | D        | Reached skill level 5 in Earth Magic
   103 | D        | Reached XP level 2. HP: 15/15 MP: 2/8
   259 | D        | Noticed a scorpion
   259 | D        | Noticed a floating eye
   260 | D        | Killed a floating eye
   260 | D        | Offered knowledge of Searing Ray by Vehumet.
   260 | D        | Reached ** piety under Vehumet
   261 | D        | Reached XP level 3. HP: 19/19 MP: 7/12
   261 | D        | Reached XP level 4. HP: 24/24 MP: 8/14
   306 | D        | Learned a level 2 spell: Passwall
   310 | D        | Learned a level 3 spell: Stone Arrow
   312 | D        | Killed a scorpion
   313 | D        | Reached XP level 5. HP: 24/28 MP: 13/17
   356 | D        | Reached *** piety under Vehumet
   506 | D        | Offered knowledge of Inner Flame by Vehumet.
   525 | D        | Reached skill level 10 in Earth Magic
   525 | D        | Reached **** piety under Vehumet
   525 | D        | Noticed a floating eye
   526 | D        | Killed a floating eye
   527 | D        | Reached skill level 5 in Dodging
   527 | D        | Reached skill level 5 in Stealth
   527 | D        | Reached XP level 6. HP: 32/32 MP: 17/20
   696 | D        | Offered knowledge of Frozen Ramparts by Vehumet.
   715 | D        | Noticed a hornet
   718 | D        | Killed a hornet
   718 | D        | Reached ***** piety under Vehumet
   719 | D        | Reached XP level 7. HP: 26/36 MP: 14/23
   951 | D        | Noticed a four-headed hydra
   951 | D        | Noticed a boulder beetle
   958 | D        | Learned a level 4 spell: Petrify
  1029 | D        | Offered knowledge of Iskenderun's Battlesphere by Vehumet.
  1138 | D        | Killed a four-headed hydra
  1139 | D        | Reached XP level 8. HP: 42/42 MP: 16/27
  1162 | D        | Mangled by a boulder beetle

Illustrated notes

Levels and vault maps discovered:
D:        pitsprint [storerooms_1, entrance_room_1, metal_vault_5, armoury_1,
          mini_pit_1, grid_room_1, main_hall_1, silver_pit, the_coven_1,
          the_vestibule_1, steel_vault_3, golden_pit, hallway_of_sentries,
          crystal_vault_2, iron_vault_5, final_vault]

Skill      XL: |  1  2  3  4  5  6  7 |
---------------+----------------------+-----
Earth Magic    | 5 8 9 10 12 13 | 13.5
Dodging        | 4 5 |  5.6
Stealth        | 3 4 5 |  5.5
Spellcasting   | 6 7 9 11 13 | 13.8
Conjurations   | 2 6 |  6.2
Transmutations | 2 |  2.6
Fighting       | |  0.3

Action                   |  1- 3 |  4- 6 |  7- 9 || total
-------------------------+-------+-------+-------++-------
Melee: Quarterstaff      |       |       |     3 ||     3
 Cast: Sandblast         |     8 |     8 |     3 ||    19
       Stone Arrow       |       |    11 |    22 ||    33
       Petrify           |       |       |     3 ||     3
  Use: Potion            |       |       |     1 ||     1
 Stab: Petrified         |       |       |     1 ||     1
Armor: Robe              |     1 |       |     1 ||     2
Dodge: Dodged            |     1 |       |     5 ||     6

Table legend: (Time is in decaauts)
 A = Elapsed time spent in this place.
 B = Non-inter-level travel time spent in this place.
 C = Inter-level travel time spent in this place.
 D = Time resting spent in this place.
 E = Time spent auto-exploring this place.
 F = Levels seen in this place.
 G = Mean time per level.
                   A        B        C        D        E       F      G
               +--------+--------+--------+--------+--------+-----+--------+
         Total |   1161 |   1161 |      0 |    882 |     38 |   1 | 1161.0 |
       Dungeon |   1161 |   1161 |      0 |    882 |     38 |   1 | 1161.0 |
               +--------+--------+--------+--------+--------+-----+--------+

Top non-repeatable levels by time:
       D: 1161 daAuts
